 Dungeon Crawl Stone Soup version 0.21-a0-578-gc6e9d75 (webtiles) character file.

7 tidbits the Scratcher (level 1, -5/9 HPs)
             Began as a Felid Transmuter on Dec 18, 2017.
             Killed by nerve-wracking pain
             ... invoked by Jessica
              (14 damage)
             ... on level 2 of the Dungeon.
             The game lasted 00:02:11 (297 turns).

tidbits the Scratcher (Felid Transmuter)             Turns: 297, Time: 00:02:11

Health: -5/9       AC:  4    Str:  6    XL:     1   Next: 83%
Magic:  3/4        EV: 24    Int: 14    God:
Gold:   25         SH:  0    Dex: 21    Spells: 3/4 levels left
                                        Lives:  0   Deaths: 0

rFire    . . .     SeeInvis +     - Unarmed
rCold    . . .     Gourm    .   (shield unavailable)
rNeg     . . .     Faith    .   (armour unavailable)
rPois    .         Spirit   .   (helmet unavailable)
rElec    .         Reflect  .   (cloak unavailable)
rCorr    .         Harm     .   (gloves unavailable)
MR       .....                  (boots unavailable)
Stlth    +++.......             (no amulet)
HPRegen  0.03/turn              U - +3 ring of protection
MPRegen  0.09/turn              (no ring)

@: agile, appendage, quick
A: very small, no armour, no weapons or thrown items, stealth, claws 1, fangs 3,
horns 2, see invisible, carnivore, speed 1, shaggy fur 1, slow metabolism 1,
sharp paws
a: End Transformation


You were on level 2 of the Dungeon.
You were not hungry.
You had grown temporary horns.
You visited 1 branch of the dungeon, and saw 3 of its levels.

You collected 25 gold pieces.

Inventory:

Missiles
 a - 48 arrows
Jewellery
 U - a +3 ring of protection (left paw)
   (You found it on level 1 of the Dungeon)
Scrolls
 e - a scroll of enchant weapon {unknown}
Potions
 g - a potion of flight {unknown}
Books
 b - a book of Changes

   Spells                             Type                      Level
   a - Beastly Appendage              Transmutation                1
   b - Sticks to Snakes               Transmutation                2
   c - Spider Form                    Transmutation/Poison         3
   d - Ice Form                       Ice/Transmutation            4
   e - Blade Hands                    Transmutation                5
Comestibles
 c - a ration


   Skills:
 + Level 1.2 Fighting
 + Level 2.9 Dodging
 + Level 3.1 Unarmed Combat
 + Level 2.1 Spellcasting
 + Level 2.3 Transmutations


You had 3 spell levels left.
You knew the following spells:

 Your Spells              Type           Power        Failure   Level  Hunger
e - Beastly Appendage     Tmut           #.....       9%          1    ##.....


Dungeon Overview and Level Annotations

Branches:
Dungeon (3/15)

Altars:

Annotations:
D:2 exclusion: downstairs, Jessica


Innate Abilities, Weirdness & Mutations

You cannot wear armour.
You are incapable of wielding weapons or throwing items.
Your paws allow you to move quietly. (Stealth)
You have sharp claws.
You have razor-sharp teeth.
You have supernaturally acute eyesight. (SInv)
You are carnivorous and can eat meat at any time.
You cover ground quickly.
You are covered in fur. (AC +1)
You have a slow metabolism.
Your sharp claws are effective at attacking unaware monsters.
You have a pair of horns on your head.


Message History

There is an open door here.
A frilled lizard and a bat come into view.
The bat hits you but does no damage.
You scratch the bat.
You kill the bat!
Your horns disappear.
The frilled lizard hisses angrily.
You see here a scroll labeled DUDADAUNOM.
e - a scroll labeled DUDADAUNOM
There is an open door here.
You close the door.
f - a fuming purple potion You open the door.
You open the door.
There is an open door here.
A goblin comes into view. It is wielding a club.
You see here a fuming white potion.
g - a fuming white potion
Found 15 gold pieces.
A ball python comes into view.
You see here 15 arrows.
a - 48 arrows (gained 15)
You now have 25 gold pieces (gained 15).
There are no items here.
Casting: Beastly Appendage
Confirm with . or Enter, or press ? or * to list all spells.
You grow a pair of large bovine horns.
The ball python hisses angrily.
The ball python misses you. x2
You closely miss the ball python. Your headbutt misses the ball python.
The ball python barely misses you. The ball python grabs you.
The ball python constricts you. The ball python bites you.
The ball python constricts you.
You scratch the ball python.
You kill the ball python!
Your transformation is almost over.
HP restored.
Your horns disappear.
A rat comes into view.
A rat is nearby!
The rat twitches its whiskers.
Casting: Beastly Appendage
Confirm with . or Enter, or press ? or * to list all spells.
You grow a pair of large bovine horns.
Your transformation is almost over.
You closely miss the rat. The rat completely misses you.
You scratch the rat.
You kill the rat!
You see here a rat corpse.
Your horns disappear.
The frilled lizard hisses angrily.
The frilled lizard unfolds its giant frill.
The frilled lizard misses you.
Casting: Beastly Appendage
Confirm with . or Enter, or press ? or * to list all spells.
You grow a pair of large bovine horns.
The frilled lizard bites you but does no damage.
You closely miss the frilled lizard. The frilled lizard misses you.
You miss the frilled lizard.
Your headbutt misses the frilled lizard.
The frilled lizard bites you but does no damage.
You scratch the frilled lizard.
You kill the frilled lizard!
Unknown command.
Your transformation is almost over.
Your horns disappear.
Found a leather armour.
A goblin comes into view. It is wielding a club.
A kobold comes into view. It is wielding a whip.
The kobold shouts!
You hear a shout! x2; You hear an angry hiss.
The goblin shouts!
Casting: Beastly Appendage
Confirm with . or Enter, or press ? or * to list all spells.
You grow a pair of large bovine horns.
Your transformation is almost over.
You claw the goblin!
You kill the goblin!
You scratch the kobold.
You kill the kobold!
Jessica the Apprentice Sorceress comes into view.
She is wielding a club.
It was a potion of ambrosia.
You are confused.
You feel invigorated.
You bump into the crystal wall.
Jessica gestures wildly while chanting.
Jessica blinks!
You feel less invigorated.
You feel less confused.
Your horns disappear.
Jessica grins evilly.
It was a potion of agility.
You feel agile all of a sudden.
Casting: Beastly Appendage
Confirm with . or Enter, or press ? or * to list all spells.
You grow a pair of large bovine horns.
You scratch Jessica but do no damage. Jessica casts a spell at you.
Pain shoots through your body!
Ouch! That really hurt!
You die...

..# #.# (# ..
.......## .# ...#.g.
#.# ......## #.##
.... .## ###..####
.@..#.. ##.......#
#.##.##
##..>#.##.####.#@).#
...............##@##
##...#.##.#####..#..#
##....##.# ##...[#
#...)...# ####.#
##.###### .# #.# .#
#.# # #.#


You could see Jessica.

Vanquished Creatures
  A goblin (D:2)
  2 kobolds
  A ball python (D:2)
  A bat (D:2)
  A frilled lizard (D:2)
  2 rats
8 creatures vanquished.

Notes
Turn   | Place    | Note
-------+----------+-------------------------------------------
     0 | D:1      | tidbits the Felid Transmuter began the quest for the Orb.
     0 | D:1      | Reached XP level 1. HP: 9/9 MP: 4/4
   284 | D:2      | Noticed Jessica
   297 | D:2      | Killed from afar by Jessica

Vault maps used:
D:1:      dpeg_arrival_morbid_curiosity
D:2:      cheibrodos_greedy_goblins, first_ration, grunt_decor_one_mirror,
          minmay_tripent, uniq_jessica
D:3:      hangedman_abyss_or_decor_lesser_grid, wad_floor_pattern_1,
          hangedman_feature_mirror

Action                   || total
-------------------------++-------
Melee: Unarmed           ||    15
       Headbutt          ||     1
 Cast: Beastly Appendage ||     8
  Use: Potion            ||     2
Armor: Skin              ||     4
Dodge: Dodged            ||    13

Table legend:
 A = Spawn XP
 B = Non-spawn XP
 C = Spawn XP percentage of total XP
 D = Spawn monster count
 E = Non-spawn monster count
 F = Spawn count percentage of total count
 G = Total turns spent on level
                    A         B        C        D         E        F      G
               +---------+---------+-------+---------+---------+-------+---------
         Total |       0 |      10 |   0.0 |       0 |       8 |   0.0 |   297
               +---------+---------+-------+---------+---------+-------+---------
           D:1 |       0 |       3 |   0.0 |       0 |       2 |   0.0 |   126
           D:2 |       0 |       7 |   0.0 |       0 |       6 |   0.0 |   169
               +---------+---------+-------+---------+---------+-------+---------

Table legend:
 A = Turns spent in this place as a percentage of turns spent in the entire game.
 B = Non-inter-level travel turns spent in this place as a percentage of non-inter-level travel turns spent in the entire game.
 C = Inter-level travel turns spent in this place as a percentage of turns spent in this place.
 D = Turns resting spent in this place as a percentage of non-inter-level travel turns spent in this place.
 E = Turns spent auto-exploring this place as a percentage of non-inter-level travel turns spent in this place.
 F = Non-inter-level travel turns spent in this place divided by the number of levels of this place that you've seen.
                   A       B       C       D       E      F
               +-------+-------+-------+-------+-------+----------------------
         Total | 100.0 | 100.0 |   0.0 |   0.0 |   0.0 |  99.0
       Dungeon | 100.0 | 100.0 |   0.0 |   0.0 |   0.0 |  99.0
               +-------+-------+-------+-------+-------+----------------------

Table legend:
 A = Kills in this place as a percentage of kills in entire the game.
 B = Kills by you in this place as a percentage of kills by you in the entire game.
 C = Kills by friends in this place as a percentage of kills by friends in the entire game.
 D = Other kills in this place as a percentage of other kills in the entire game.
 E = Experience gained in this place as a percentage of experience gained in the entire game.
 F = Experience gained in this place divided by the number of levels of this place that you have seen.
                   A       B       C       D       E      F
               +-------+-------+-------+-------+-------+----------------------
         Total | 100.0 | 100.0 |   N/A |   N/A | 100.0 |   3.3
       Dungeon | 100.0 | 100.0 |   N/A |   N/A | 100.0 |   3.3
               +-------+-------+-------+-------+-------+----------------------

Vault maps used:
D:1:      dpeg_arrival_morbid_curiosity
D:2:      cheibrodos_greedy_goblins, first_ration, grunt_decor_one_mirror,
          minmay_tripent, uniq_jessica
D:3:      hangedman_abyss_or_decor_lesser_grid, wad_floor_pattern_1,
          hangedman_feature_mirror
